Map: Dusk Towers

Players

Alekino - Winner!

  • Race: Zerg Zerg
  • League: Diamond

LilDicky

  • Race: Terran Terran
  • League: Diamond

VOD

http://www.twitch.tv/tumescentpie

Description

Time

  • Played on: Dec. 3, 2015, 11:01 a.m.
  • Length: 9:27
Show
View Real Time Build Order
Export as new Build Order

Alekino Zerg - Winner!

Build Orders: Hatch First 

Get SALT Encoding   

  12  0:01  Drone  
  13  0:12  Overlord  
  13  0:19  Drone  
  14  0:31  Drone x2  
  14  0:34  Drone  
  17  0:53  Hatchery  
  17  0:56  Drone  
  17  1:00  Drone  
  18  1:07  Drone  
  18  1:08  Extractor  
  18  1:18  Spawning Pool  
  18  1:22  Drone  
  18  1:28  Drone  
  19  1:39  Drone  
  20  1:49  Drone  
  21  1:59  Overlord  
  21  2:05  Queen  
  21  2:06  Queen  
  21  2:07  Drone  
  26  2:10  Metabolic Boost  
  26  2:15  Overlord  
  26  2:20  Drone  
  26  2:21  Drone  
  28  2:34  Extractor  
  28  2:35  Drone x2  
  29  2:38  Spore Crawler  
  29  2:39  Drone  
  29  2:43  Extractor  
  28  2:49  Drone x2  
  33  2:54  Drone  
  33  2:55  Queen  
  36  2:59  Drone  
  36  3:05  Drone  
  38  3:11  Drone  
  39  3:17  Drone  
  39  3:18  Hatchery  
  39  3:20  Drone  
  39  3:26  Drone  
  39  3:27  Drone x3  
  42  3:31  Extractor  
  42  3:32  Extractor  
  41  3:50  Drone  
  41  3:51  Drone x2  
  41  3:55  Lair  
  44  3:59  Evolution Chamber  
  44  4:00  Evolution Chamber  
  42  4:04  Roach Warren  
  42  4:07  Drone x3  
  44  4:10  Overlord x5  
  44  4:27  Queen  
  47  4:31  Drone x3  
  47  4:32  Drone x2  
  47  4:37  Drone x2  
  47  4:38  Queen  
  55  4:49  Drone  
  55  4:50  Drone x2  
  55  4:51  Drone  
  59  4:56  Zerg Missile Weapons Level 1  
  59  4:57  Zerg Ground Armor Level 1  
  59  5:05  Glial Reconstitution  
  58  5:08  Roach x2  
  61  5:23  Drone x4  
  61  5:24  Drone x3  
  61  5:26  Drone  
  69  5:34  Zergling x2  
  69  5:45  Roach x3  
  69  5:46  Roach  
  69  5:48  Extractor x2  
  75  5:56  Drone x3  
  75  5:57  Drone x5  
  83  6:06  Extractor  
  82  6:14  Overlord  
  82  6:15  Overlord x3  
  82  6:16  Overlord  
  82  6:20  Overlord x2  
  82  6:34  Roach  
  82  6:35  Roach x8  
  82  6:36  Roach  
  100  6:47  Ravager x5  
  76  7:10  Roach  
  76  7:11  Roach x8  
  76  7:12  Roach x3  
  96  7:20  Roach x3  
  96  7:22  Roach  
  106  7:23  Roach  
  106  7:25  Roach x3  
  112  7:32  Queen  
  112  7:36  Roach x3  
  120  7:38  Ravager x3  
  120  7:39  Ravager x2  
  120  7:41  Roach  
  120  7:42  Roach  
  129  7:45  Overlord  
  129  8:04  Roach  
  129  8:05  Roach x3  
  137  8:10  Overlord x3  
  137  8:11  Overlord x4  
  113  8:52  Roach x6  
  113  8:53  Roach x2  
  149  9:25  Ravager x5  
  149  9:26  Ravager x7  
  149  9:27  Ravager x3  
Show
View Real Time Build Order
Export as new Build Order

LilDicky Terran 

Build Orders: Reaper Expand 

Get SALT Encoding   

  12  0:01  SCV  
  13  0:13  SCV  
  14  0:17  Supply Depot  
  14  0:25  SCV  
  15  0:31  Refinery  
  15  0:39  SCV  
  16  0:45  Barracks  
  16  0:51  SCV  
  17  1:03  SCV  
  18  1:15  SCV  
  19  1:32  Reaper  
  20  1:37  Orbital Command  
  20  1:44  Command Center  
  20  1:57  Factory  
  20  2:00  Refinery  
  20  2:08  Supply Depot  
  20  2:15  SCV  
  21  2:16  Barracks Tech Lab  
  21  2:28  SCV  
  22  2:53  SCV  
  22  2:55  Siege Tank  
  22  2:58  Refinery  
  27  3:00  Barracks Reactor, Refinery, Orbital Command  
  26  3:07  SCV  
  27  3:13  Supply Depot  
  27  3:19  SCV  
  28  3:26  SCV  
  29  3:38  SCV  
  30  3:51  Marine  
  30  3:52  Marine  
  30  3:53  SCV, Siege Tank  
  36  3:58  SCV  
  36  4:01  Command Center  
  37  4:07  Starport  
  37  4:10  Marine  
  37  4:11  Marine  
  39  4:23  SCV  
  40  4:24  SCV  
  40  4:25  Siege Tank  
  44  4:35  SCV  
  44  4:36  SCV  
  46  4:46  Liberator  
  46  4:49  SCV  
  47  5:01  SCV, Marine x2  
  53  5:12  Siege Tank  
  56  5:21  Marine x2  
  56  5:25  SCV  
  59  5:36  Orbital Command  
  58  5:44  Siege Tank  
  61  5:56  Barracks  
  61  5:57  Engineering Bay, Barracks  
  61  5:58  Engineering Bay  
  62  6:05  Supply Depot  
  62  6:08  Supply Depot  
  62  6:14  Orbital Command  
  62  6:15  Medivac x2  
  62  6:16  SCV  
  62  6:17  Barracks Reactor  
  66  6:24  SCV  
  67  6:28  SCV  
  68  6:58  Liberator x2  
  64  7:07  Marine  
  53  7:09  Barracks Tech Lab x2  
  53  7:12  Terran Infantry Weapons Level 1, Terran Infantry Armor Level 1, Barracks  
  53  7:13  Siege Tank  
  53  7:14  Barracks  
  55  7:18  Supply Depot  
  55  7:22  Supply Depot, SCV x2  
  57  7:30  Combat Shields  
  57  7:41  SCV x3  
  57  7:43  Armory  
  60  7:44  Marine x3  
  60  7:45  Marauder  
  60  7:47  Siege Tank  
  68  7:53  SCV x2  
  70  7:59  SCV  
  70  8:02  Marine x3  
  70  8:05  SCV x2  
  78  8:09  Barracks Reactor  
  78  8:11  Barracks Reactor, SCV, Marine  
  78  8:14  Supply Depot  
  66  8:20  Marine, Marauder  
  66  8:21  Missile Turret, Marine  
  62  8:27  Orbital Command  
  62  8:29  Marauder  
  56  8:42  Marine x2, Marauder  
  56  8:47  SCV  
  56  8:48  SCV  
  59  8:50  Marauder  
  57  9:00  Marine x2  
  52  9:03  Marauder  
Tags
 
Add a new tag
Caveats
  • Supply blocks, unpowered buildings, or Contaminate may cause inaccurate times.
  • Supply counts are checked every 10 seconds.